 Dungeon Crawl Stone Soup version 0.30-a0-696-g2367cd04db (webtiles) character file.

Game seed: 2893698389320024058

159887 bobo the Fighter (level 17, -4/110 HPs)
             Began as a Deep Elf Air Elementalist on Jan 20, 2023.
             Was the Champion of Qazlal.
             Slain by an Executioner (9 damage)
             ... summoned by a deep elf demonologist
             ... on level 1 of the Elven Halls on Jan 21, 2023.
             The game lasted 02:04:03 (25868 turns).

bobo the Fighter (Deep Elf Air Elementalist)       Turns: 25868, Time: 02:04:04

Health: -4/110     AC: 17    Str: 16    XL:     17   Next: 17%
Magic:  14/25      EV: 19    Int: 30    God:    Qazlal [******]
Gold:   1108       SH: 20    Dex: 20    Spells: 2/38 levels left

rFire   + . .      SeeInvis .    p - staff of air
rCold   + . .      Faith    .    e - +0 kite shield {reflect}
rNeg    . . .      Spirit   .    x - +4 troll leather armour
rPois   +          Reflect  +    J - +0 helmet "Zuimeash" {rF+ Str+2}
rElec   +          Harm     .    q - +0 cloak
rCorr   .          Rampage  +    d - +0 pair of gloves
Will    +....                    V - +2 pair of boots {rampage}
Stlth   +                        r - amulet of magic regeneration
HPRegen 1.18/turn                C - ring of Tiaghy {Wiz Int+3 Dex+3}
MPRegen 0.59/turn                m - ring "Qedus" {rPois rC+ MP-9 Str+9 Stlth+}

@: swift, protected from physical damage, repel missiles, quick
A: no striking features
a: Renounce Religion, Upheaval, Elemental Force, Disaster Area


You were on level 1 of the Elven Halls.
You worshipped Qazlal.
Qazlal was exalted by your worship.
You visited 6 branches of the dungeon, and saw 26 of its levels.
You also visited: Gauntlet and Ice Cave.

You collected 2060 gold pieces.
You spent 952 gold pieces at shops.

Inventory:

Armour
 a - a +1 robe of resistance
 d - a +0 pair of gloves (worn)
 e - a +0 kite shield of reflection (worn)
 q - a +0 cloak (worn)
 x - a +4 troll leather armour (worn)
 J - the +0 helmet "Zuimeash" (worn) {rF+ Str+2}
   (You found it in a Gauntlet)

   Str:       It affects your strength (+2).
   rF:        It protects you from fire.
 V - a +2 pair of boots of rampaging (worn)
Magical Staves
 p - a staff of air (weapon)
Jewellery
 j - a ring of resist corrosion
 m - the ring "Qedus" (right hand) {rPois rC+ MP-9 Str+9 Stlth+}
   (You found it in an ice cave)

   [ring of protection from cold]

   Str:       It affects your strength (+9).
   rC:        It protects you from cold.
   rPois:     It protects you from poison.
   MP:        It affects your magic capacity (-9).
   Stlth:     It makes you more stealthy.
 r - an amulet of magic regeneration (around neck)
 y - a ring of flight
 C - the ring of Tiaghy (left hand) {Wiz Int+3 Dex+3}
   (You found it on level 7 of the Dungeon)

   [ring of wizardry]

   It improves your spell success rate.
   Int:       It affects your intelligence (+3).
   Dex:       It affects your dexterity (+3).
 H - a ring of see invisible
 R - a +4 ring of protection
Wands
 f - a wand of digging (6)
 t - a wand of flame (98)
 A - a wand of mindburst (23)
 B - a wand of light (4)
 D - a wand of paralysis (14)
 M - a wand of roots (14)
 W - a wand of polymorph (7)
Scrolls
 h - 6 scrolls of amnesia
 i - 13 scrolls of teleportation
 n - a scroll of enchant armour
 o - 4 scrolls of torment
 s - 2 scrolls of silence {unknown}
 w - 3 scrolls of fear
 z - 2 scrolls of immolation
 E - a scroll of fog
 N - a scroll of brand weapon {unknown}
 T - a scroll of butterflies
Potions
 b - a potion of magic
 c - a potion of berserk rage
 g - a potion of flight
 k - 2 potions of haste
 l - a potion of resistance {unknown}
 u - 2 potions of might {unknown}
 v - 6 potions of curing
 F - 3 potions of cancellation
 G - 7 potions of attraction
 L - a potion of heal wounds
 P - 2 potions of lignification
 Q - 3 potions of mutation
 S - 10 potions of ambrosia
Miscellaneous
 U - a box of beasts


   Skills:
 + Level 13.7 Fighting
 - Level 11.0 Staves
 - Level 13.3 Dodging
 - Level 2.4 Stealth
 * Level 8.2 Shields
 - Level 11.0 Spellcasting
 - Level 2.3 Conjurations
 - Level 1.1 Summonings
 - Level 6.7 Transmutations
 - Level 13.5 Air Magic
 - Level 5.4 Invocations
 - Level 9.8 Evocations


You had 2 spell levels left.
You knew the following spells:

 Your Spells              Type           Power      Damage    Failure   Level
a - Lightning Bolt        Conj/Air       38%        1d57      4%          5
b - Storm Form            Tmut/Air       43%        N/A       43%         7
c - Static Discharge      Conj/Air       100%       2-7/arc   1%          2
d - Arcjolt               Conj/Air       38%        1d48      4%          5
e - Blink                 Tloc           32%        N/A       6%          2
f - Shock                 Conj/Air       100%       1d9       1%          1
q - Vhi's Electric Charg  Tloc/Air       100%       N/A       1%          3
s - Swiftness             Air            98%        N/A       1%          3
x - Summon Lightning Spi  Summ/Air       74%        N/A       1%          4
z - Airstrike             Air            49%        2d(7-23)  1%          4

Your spell library contained the following spells:

 Spells                   Type           Power      Damage    Failure   Level
 Beastly Appendage        Tmut           100%       N/A       1%          1
 Magic Dart               Conj           100%       1d8       1%          1
 Passwall                 Tmut/Erth      30%        N/A       1%          2
 Wereblood                Tmut           54%        N/A       1%          2
 Foxfire                  Conj/Fire      92%        2x1d8     2%          1
 Call Imp                 Summ           23%        N/A       3%          2
 Momentum Strike          Conj/Tloc      46%        3d9       3%          2
 Freeze                   Ice            64%        1d7       4%          1
 Sandblast                Erth           32%        2d9       4%          1
 Lesser Beckoning         Tloc           32%        N/A       6%          2
 Kindle Blastsparks       Fire/Tloc/Air  100%       2d18      1%          3
 Mephitic Cloud           Conj/Pois/Air  64%        N/A       1%          3
 Spider Form              Tmut/Pois      36%        N/A       2%          3
 Stone Arrow              Conj/Erth      46%        3d9       7%          3
 Call Canine Familiar     Summ           23%        N/A       8%          3
 Ice Form                 Ice/Tmut       36%        N/A       10%         4
 Inner Flame              Hex/Fire       16%        N/A       12%         3
 Portal Projectile        Hex/Tloc       32%        N/A       12%         3
 Vampiric Draining        Necr           16%        2d7       12%         3
 Fulminant Prism          Conj/Hex       11%        3d8       22%         4
 Iskenderun's Mystic Bla  Conj/Tloc      23%        2d6       22%         4
 Animate Dead             Necr           16%        N/A       34%         4
 Cause Fear               Hex            8%         N/A       34%         4
 Leda's Liquefaction      Hex/Erth       8%         N/A       34%         4
 Manifold Assault         Tloc           16%        N/A       34%         4
 Fireball                 Conj/Fire      11%        3d7       52%         5
 Maxwell's Capacitive Co  Air            49%        ∞         65%         8
 Borgnjor's Vile Clutch   Necr/Erth      8%         N/A       67%         5
 Lee's Rapid Deconstruct  Erth           8%         3d7*      67%         5
 Metabolic Englaciation   Hex/Ice        8%         N/A       67%         5
 Starburst                Conj/Fire      11%        6d5       96%         6
 Death Channel            Necr           8%         N/A       99%         6
 Dispersal                Tloc           8%         N/A       99%         6
 Discord                  Hex            8%         N/A       100%        8
 Disjunction              Tloc           8%         N/A       100%        8


Dungeon Overview and Level Annotations

Branches:
Dungeon (13/15)            Temple (0/1) D:5            Lair (5/5) D:9
 Shoals (2/4) Lair:2       Spider (3/4) Lair:2        Slime (0/5) Lair:4
    Orc (2/2) D:11            Elf (1/3) Orc:2         IceCv (visited)
Gauntlet (visited)
 Vaults: D:13-14

Altars:
Ashenzari
Elyvilon
Gozag
Makhleb
Okawaru
Qazlal
Yredelemnul
The Shining One

Shops:
D:1 :   D:11 [   D:12 (   Orc:2 (:([*

Annotations:
D:10 2 runed translucent doors, timneilson's ghost, journeyman DsGl
Shoals:2 Ilsuiw


Message History

a +0 great sword; a +0 chain mail You block the Executioner's attack.
The Executioner hits you. You block the Executioner's attack.
You hear a grinding noise.
The Executioner hits you! The Executioner misses you.
The Executioner hits you but does no damage.
The Executioner is engulfed in blazing flames.
The Executioner hits you!! The Executioner barely misses you.
You block the Executioner's attack.
Activating: Elemental Force (6% risk of failure)
Press: ? - help, Dir - look around, f - activate Clouds arounds you coalesce and take form!
The Executioner is engulfed in blazing flames.
The Executioner hits you!
You feel more protected from physical attacks.
The Executioner misses you.
The Executioner hits you but does no damage.
The Executioner is engulfed in blazing flames.
The Executioner hits you!
* * * LOW HITPOINT WARNING * * *
The Executioner hits you but does no damage. x2
The Executioner is engulfed in blazing flames.
The Executioner hits you but does no damage.
You block the Executioner's attack. x2
You hear a grinding noise.
You hit the Executioner but do no damage.
The Executioner is electrocuted.
The Executioner is lightly wounded.
The Executioner is engulfed in blazing flames.
The Executioner hits you!!
* * * LOW HITPOINT WARNING * * *
You block the Executioner's attack. x2
The Executioner is engulfed in blazing flames.
The Executioner closely misses you. The Executioner misses you.
The Executioner hits you.
* * * LOW HITPOINT WARNING * * *
You feel more protected from physical attacks.
The Executioner is engulfed in blazing flames.
The Executioner hits you!
You die...

....).....))2'.)..#
....#.).....####)##
...###..8..## #.#
...######### #)#
1.2.# #.# )...#
##'### ...##
.#####))○.## ..##
.....○.1...## .##
#..E@§○..# ##
#....§...# #
#.....○.## #
##.....## e..
##...## #)'# ##.##
.e.4 ### ... .#.


You could see an Executioner (summoned, fast, ally target) and a friendly fire
elemental (summoned).

Vanquished Creatures
  Jorgrun (Shoals:1)
  Gastronok (D:9)
  A kraken (Shoals:1)
  Donald (Spider:1)
  An azure jelly (IceCv)
  A ghost moth (Spider:1)
  The ghost of Iich the Severer, a journeyman DsFi of Gozag (Lair:5)
  3 broodmothers (Spider:2)
  3 quicksilver oozes (IceCv)
  A minotaur (Gauntlet)
  A deep elf annihilator (Elf:1)
  3 spark wasps
  An entropy weaver (Spider:2)
  A merfolk impaler (Shoals:1)
  4 hydras
  Harold (D:9)
  3 boulder beetles
  2 merfolk avatars
  An alligator snapping turtle (Shoals:1)
  A jorogumo (Spider:1)
  A radroach (Spider:1)
  3 orc high priests (Orc:2)
  A two-headed ogre (D:12)
  5 dancing weapons (Elf:1)
  Sonja (Lair:5)
  4 deep elf knights (Elf:1)
  4 pharaoh ants
  2 sea snakes (Shoals:1)
  A goliath frog (Lair:5)
  A sun moth (Spider:1)
  2 orb spiders
  3 deep elf archers (Elf:1)
  4 orc knights
  2 steelbarb worms
  2 deep elf zephyrmancers (Elf:1)
  2 orc sorcerers (Orc:2)
  11 wolf spiders
  2 fauns (Shoals:1)
  8 manticores
  An oklob plant (Lair:1)
  2 ice statues
  A moth of wrath (Spider:2)
  6 slime creatures (IceCv)
  A black mamba (Lair:3)
  An elephant (Lair:5)
  6 demonic crawlers (Spider:2)
  Maurice (D:8)
  2 merfolk sirens (Shoals:1)
  An unseen horror (D:10)
  3 rime drakes
  13 cane toads
  4 komodo dragons
  An ice devil (Lair:3)
  5 trolls
  2 meliai
  4 merfolk (Shoals:1)
  A meliai (shapeshifter) (D:13)
  A queen bee (D:10)
  A hornet (shapeshifter) (Elf:1)
  8 tarantellas
  3 dream sheep (Lair:5)
  A hornet (Lair:5)
  25 blink frogs
  3 polar bears
  A tyrant leech (Lair:5)
  A snapping turtle (Lair:2)
  10 jumping spiders
  6 culicivoras
  2 water elementals (D:12)
  2 spriggans (Lair:5)
  A wraith (D:12)
  2 vampires
  2 wyverns
  Eustachio (D:4)
  4 basilisks
  A spectral komodo dragon (Gauntlet)
  25 redbacks
  9 vampire mosquitoes
  4 yaks
  A warg (Orc:2)
  16 water moccasins
  9 ice beasts
  11 orc warriors
  A black bear (Lair:5)
  4 ogres
  A great orb of eyes simulacrum (IceCv)
  A boggart (Lair:5)
  14 wolves
  A centaur (D:12)
  3 slime creature simulacra (IceCv)
  3 phantoms
  3 gnoll sergeants
  11 bullfrogs
  A glowing shapeshifter simulacrum (IceCv)
  A scorpion (D:5)
  3 wights (D:10)
  31 killer bees
  4 howler monkeys
  6 electric eels
  5 hounds
  2 jellies
  10 orc priests
  Natasha (thrice) (D:2)
  5 orc wizards
  4 iguanas (D:5)
  6 hell rats (Lair:5)
  3 shapeshifter simulacra (IceCv)
  A nameless horror (Spider:1)
  11 gnolls
  9 adders
  7 river rats (Lair:5)
  2 white imps
  A worm (D:2)
  3 dart slugs
  44 orcs
  6 ball pythons
  9 endoplasms
  3 giant cockroaches
  4 goblins
  6 hobgoblins
  10 jackals
  2 quokkas
  7 bats
  2 frilled lizards
  2 kobolds
  3 rats
  4 tentacles (Shoals:1)
558 creatures vanquished.

Vanquished Creatures (collateral kills)
  An emperor scorpion (Spider:2)
  An orc warlord (Orc:2)
  A slime creature (IceCv)
  2 entropy weavers (Spider:2)
  A hydra (D:13)
  A merfolk avatar (Shoals:1)
  A boulder beetle (Lair:4)
  A radroach (Spider:2)
  2 two-headed ogres
  Amaemon (Lair:2)
  A deep elf knight (Elf:1)
  3 steelbarb worms (Spider:2)
  A deep elf archer (Elf:1)
  A deep elf zephyrmancer (Elf:1)
  3 wolf spiders
  4 fauns (Shoals:1)
  An orc sorcerer (Orc:2)
  A manticore (Shoals:2)
  3 elephants (Lair:5)
  A merfolk siren (Shoals:2)
  4 cane toads (Lair:5)
  2 torpor snails
  3 demonic crawlers
  A rime drake (Lair:5)
  An orange demon (Lair:2)
  2 komodo dragons
  4 tarantellas
  2 tyrant leeches (Lair:5)
  2 polar bears
  5 trolls
  2 merfolk
  10 blink frogs
  A snapping turtle (Shoals:1)
  2 dream sheep (Lair:5)
  A jumping spider (Spider:1)
  4 culicivoras
  2 fire elementals (Elf:1)
  A wraith (D:10)
  A basilisk (Lair:5)
  5 yaks
  13 redbacks
  2 wargs
  An acid dragon (D:12)
  10 orc warriors
  An ice beast (Lair:3)
  2 ogres
  4 wolves (Lair:5)
  A gnoll sergeant (D:11)
  3 bullfrogs
  2 glowing shapeshifter simulacra (IceCv)
  3 wights (D:6)
  8 killer bees (D:10)
  An orc priest (Elf:1)
  A shapeshifter simulacrum (IceCv)
  4 orc wizards
  5 gnolls (D:11)
  A river rat (Lair:5)
  A white imp (Lair:3)
  7 orcs
156 creatures vanquished.

Vanquished Creatures (others)
  A quicksilver ooze (IceCv)
  44 fungi
  101 plants
  A tentacle (Shoals:1)
147 creatures vanquished.

Grand Total: 861 creatures vanquished

Notes
Turn   | Place    | Note
-------+----------+-------------------------------------------
     0 | D:1      | bobo the Deep Elf Air Elementalist began the quest for the
                  | Orb.
     0 | D:1      | Reached XP level 1. HP: 10/10 MP: 6/6
    95 | D:1      | Found a faded altar of an unknown god.
   101 | D:1      | Prayed at the altar of an unknown god.
   101 | D:1      | Became a worshipper of Qazlal Stormbringer
   101 | D:1      | Reached * piety under Qazlal
   432 | D:1      | Reached XP level 2. HP: 16/16 MP: 4/8
   534 | D:1      | Found Hetof Uddipi's Book Boutique.
  1161 | D:1      | Reached XP level 3. HP: 15/20 MP: 3/10
  1350 | D:2      | Reached skill level 1 in Fighting
  1356 | D:2      | Learned a level 3 spell: Swiftness
  1457 | D:2      | Reached ** piety under Qazlal
  1534 | D:2      | Learned a level 2 spell: Static Discharge
  1985 | D:2      | Reached XP level 4. HP: 25/25 MP: 4/11
  1990 | D:2      | Learned a level 4 spell: Airstrike
  2067 | D:2      | Noticed Natasha
  2073 | D:2      | Killed Natasha
  2216 | D:2      | Reached skill level 1 in Evocations
  2218 | D:2      | Noticed Natasha
  2222 | D:2      | Killed Natasha
  2223 | D:2      | Reached XP level 5. HP: 30/30 MP: 4/13
  2390 | D:2      | Noticed Natasha
  2402 | D:2      | Killed Natasha
  2793 | D:3      | Identified the +8 chain mail of Untruth {rF+ Regen+ Str+2}
  3294 | D:4      | Noticed an ogre
  3305 | D:4      | Killed an ogre
  3306 | D:4      | Reached skill level 1 in Invocations
  3306 | D:4      | Reached XP level 6. HP: 35/35 MP: 5/15
  3402 | D:4      | Reached skill level 5 in Spellcasting
  3638 | D:4      | Noticed Eustachio
  3652 | D:4      | Killed Eustachio
  3947 | D:4      | Identified the +3 ring mail "Fomul" {Rampage rPois}
  3997 | D:4      | Reached XP level 7. HP: 40/40 MP: 13/17
  4252 | D:5      | Entered Level 5 of the Dungeon
  4299 | D:5      | Reached *** piety under Qazlal
  4321 | D:5      | Reached skill level 5 in Air Magic
  4910 | D:5      | Found a staircase to the Ecumenical Temple.
  4935 | D:5      | Reached XP level 8. HP: 40/47 MP: 4/20
  6001 | D:6      | Reached skill level 5 in Invocations
  6119 | D:6      | Reached **** piety under Qazlal
  6462 | D:6      | Found a white marble altar of Elyvilon.
  6573 | D:6      | Reached XP level 9. HP: 52/52 MP: 19/22
  6902 | D:7      | Identified the ring of Tiaghy {Wiz Int+3 Dex+3}
  7320 | D:7      | Reached skill level 5 in Fighting
  7597 | D:8      | Noticed Maurice
  7672 | D:8      | Killed Maurice
  7673 | D:8      | Reached skill level 5 in Dodging
  8311 | D:9      | Noticed a troll
  8313 | D:9      | Killed a troll
  8386 | D:9      | Noticed Harold
  8398 | D:9      | Killed Harold
  8398 | D:9      | Noticed a troll
  8399 | D:9      | Reached XP level 10. HP: 60/60 MP: 9/23
  8406 | D:9      | Reached skill level 5 in Evocations
  8664 | D:9      | Found a staircase to the Lair.
  8739 | D:9      | Identified the +1 chain mail of Dishonesty {*Slow rPois
                  | Str+6 Int-4}
  8835 | D:9      | Got the Vellum of Unstable Necromantic Rituals
  9073 | D:9      | Found a basalt altar of Yredelemnul.
  9073 | D:9      | Found an opulent altar of Gozag.
  9073 | D:9      | Found a glowing golden altar of the Shining One.
  9073 | D:9      | Found a broken altar of Ashenzari.
  9081 | D:9      | Found an iron altar of Okawaru.
  9086 | D:9      | Found a burning altar of Makhleb.
  9375 | Lair:1   | Entered Level 1 of the Lair of Beasts
  9387 | Lair:1   | Found a gate leading to a gauntlet.
  9390 | Lair:1   | Noticed a cane toad
  9393 | Gauntlet | Entered a Gauntlet
  9393 | Gauntlet | Found a transporter.
  9397 | Gauntlet | Found a transporter.
  9400 | Gauntlet | Noticed a blizzard demon
  9409 | Gauntlet | Found a transporter.
  9413 | Gauntlet | Found a transporter.
  9415 | Gauntlet | Noticed a spectral death yak
  9421 | Gauntlet | Noticed a death scarab
  9423 | Gauntlet | Found a transporter.
  9423 | Gauntlet | Noticed a death scarab
  9440 | Gauntlet | Found a runed translucent door.
  9441 | Gauntlet | Noticed a dire elephant
  9444 | Gauntlet | Found a transporter.
  9444 | Gauntlet | Noticed an elephant
  9455 | Gauntlet | a snapping turtle changed into a torpor snail
  9455 | Gauntlet | Noticed a torpor snail (glowing shapeshifter)
  9456 | Gauntlet | Found a transporter.
  9456 | Gauntlet | Noticed a harpy
  9457 | Gauntlet | a torpor snail changed into a swamp worm
  9458 | Gauntlet | a harpy changed into a yaktaur
  9458 | Gauntlet | a swamp worm changed into an eye of devastation
  9458 | Gauntlet | Noticed an eye of devastation (glowing shapeshifter)
  9459 | Gauntlet | Noticed a mana viper
  9460 | Gauntlet | an eye of devastation changed into an orb spider
  9460 | Gauntlet | Noticed an orb spider (glowing shapeshifter)
  9462 | Gauntlet | an orb spider changed into a lindwurm
  9462 | Gauntlet | Noticed a lindwurm (glowing shapeshifter)
  9464 | Gauntlet | a lindwurm changed into a manticore
  9464 | Gauntlet | Noticed a manticore (glowing shapeshifter)
  9466 | Gauntlet | a manticore changed into a yaktaur
  9473 | Gauntlet | a mana viper changed into a swamp worm
  9476 | Gauntlet | Found a transporter.
  9480 | Gauntlet | Found a transporter.
  9486 | Gauntlet | Noticed a moth of wrath
  9488 | Gauntlet | Found a transporter.
  9514 | Gauntlet | Found a transporter.
  9515 | Gauntlet | Found a transporter.
  9522 | Gauntlet | Noticed a shining eye
  9524 | Gauntlet | a shining eye changed into a glowing shapeshifter
  9524 | Gauntlet | Noticed a glowing shapeshifter (glowing shapeshifter)
  9525 | Gauntlet | a glowing shapeshifter changed into a shock serpent
  9525 | Gauntlet | Noticed a shock serpent (glowing shapeshifter)
  9603 | Gauntlet | Noticed a shock serpent
  9604 | Gauntlet | Noticed an elephant
  9605 | Gauntlet | a shock serpent changed into a swamp worm
  9605 | Gauntlet | Noticed a salamander
  9609 | Gauntlet | a swamp worm changed into a sea snake
  9609 | Gauntlet | Noticed a sea snake (glowing shapeshifter)
  9612 | Gauntlet | a sea snake changed into a deep troll
  9612 | Gauntlet | Noticed a deep troll (glowing shapeshifter)
  9618 | Gauntlet | a deep troll changed into a glowing shapeshifter
  9618 | Gauntlet | Noticed a glowing shapeshifter (glowing shapeshifter)
  9619 | Gauntlet | a glowing shapeshifter changed into a cyclops
  9619 | Gauntlet | Noticed a cyclops (glowing shapeshifter)
  9621 | Gauntlet | a cyclops changed into a manticore
  9621 | Gauntlet | Noticed a manticore (glowing shapeshifter)
  9624 | Gauntlet | a manticore changed into an eye of devastation
  9624 | Gauntlet | Noticed an eye of devastation (glowing shapeshifter)
  9626 | Gauntlet | an eye of devastation changed into a two-headed ogre
  9626 | Gauntlet | Noticed a two-headed ogre (glowing shapeshifter)
  9630 | Gauntlet | a salamander changed into a dream sheep
  9631 | Gauntlet | a two-headed ogre changed into a water nymph
  9631 | Gauntlet | Noticed a water nymph (glowing shapeshifter)
  9634 | Gauntlet | a water nymph changed into a sea snake
  9634 | Gauntlet | Noticed a sea snake (glowing shapeshifter)
  9637 | Gauntlet | a sea snake changed into a glowing orange brain
  9637 | Gauntlet | Noticed a glowing orange brain (glowing shapeshifter)
  9638 | Gauntlet | a glowing orange brain changed into a snapping turtle
  9646 | Gauntlet | an elephant changed into a shock serpent
  9646 | Gauntlet | Noticed a shock serpent (shapeshifter)
  9647 | Gauntlet | a snapping turtle changed into a swamp dragon
  9647 | Gauntlet | Noticed a swamp dragon (glowing shapeshifter)
  9648 | Gauntlet | a swamp dragon changed into a manticore
  9648 | Gauntlet | Noticed a manticore (glowing shapeshifter)
  9651 | Gauntlet | a manticore changed into a fire crab
  9651 | Gauntlet | Noticed a fire crab (glowing shapeshifter)
  9653 | Gauntlet | a fire crab changed into a tarantella
  9656 | Gauntlet | a tarantella changed into a salamander
  9656 | Gauntlet | Noticed a salamander (glowing shapeshifter)
  9657 | Gauntlet | a salamander changed into a yaktaur
  9665 | Gauntlet | a shock serpent changed into a two-headed ogre
  9665 | Gauntlet | Noticed a two-headed ogre (shapeshifter)
  9667 | Gauntlet | a two-headed ogre changed into a deep troll
  9667 | Gauntlet | Noticed a deep troll (shapeshifter)
  9673 | Gauntlet | a jumping spider changed into a death drake
  9673 | Gauntlet | Noticed a death drake (glowing shapeshifter)
  9675 | Gauntlet | a death drake changed into a wind drake
  9676 | Gauntlet | a wind drake changed into a salamander
  9676 | Gauntlet | Noticed a salamander (glowing shapeshifter)
  9680 | Gauntlet | a salamander changed into a tarantella
  9773 | Gauntlet | Identified the +0 helmet "Zuimeash" {rF+ Str+2}
  9887 | Gauntlet | Noticed a minotaur
  9910 | Gauntlet | Killed a minotaur
  9940 | Lair:1   | Killed a cane toad
 10302 | Lair:1   | Found a broken altar of Ashenzari.
 10302 | Lair:1   | Noticed an oklob plant
 10315 | Lair:1   | Noticed Gastronok
 10421 | D:9      | Killed Gastronok
 10422 | D:9      | Reached XP level 11. HP: 14/67 MP: 5/24
 10926 | Lair:1   | You fall into a shaft and drop 1 floor!
 10927 | Lair:2   | Noticed Amaemon
 10934 | Lair:2   | Killed Amaemon
 11100 | Lair:2   | Found a hole to the Spider Nest.
 11376 | Lair:1   | Killed an oklob plant
 11689 | Lair:2   | Reached skill level 10 in Air Magic
 11905 | Lair:2   | Noticed a six-headed hydra
 11911 | Lair:2   | Killed a six-headed hydra
 11912 | Lair:2   | Reached skill level 10 in Dodging
 12090 | Lair:2   | Found a staircase to the Shoals.
 12461 | Lair:3   | Noticed a seven-headed hydra
 12463 | Lair:3   | Reached XP level 12. HP: 74/74 MP: 16/25
 12577 | Lair:3   | Killed a seven-headed hydra
 12893 | Lair:3   | Reached XP level 13. HP: 79/79 MP: 26/26
 12894 | Lair:3   | Reached skill level 10 in Fighting
 12894 | Lair:3   | Reached XP level 14. HP: 88/88 MP: 27/27
 13581 | Lair:4   | Learned a level 4 spell: Summon Lightning Spire
 13589 | Lair:4   | Learned a level 7 spell: Storm Form
 13749 | Lair:4   | Reached skill level 1 in Summonings
 14082 | Lair:4   | Found a staircase to the Slime Pits.
 14398 | Lair:5   | Entered Level 5 of the Lair of Beasts
 14788 | Lair:5   | Noticed Sonja
 14790 | Lair:5   | Killed Sonja
 14955 | Lair:5   | Reached ***** piety under Qazlal
 15163 | Lair:5   | Identified the +0 hat of Honour {Harm}
 15376 | Lair:5   | Reached XP level 15. HP: 73/95 MP: 18/30
 15457 | Lair:5   | Found a runed translucent door.
 15462 | Lair:5   | Identified the +9 trident of Trauma {antimagic, rPois rC+
                  | rN+++ rCorr Dex-4}
 15462 | Lair:5   | Noticed Iich's ghost (journeyman DsFi)
 16019 | Lair:5   | Killed Iich's ghost
 16210 | D:10     | Entered Level 10 of the Dungeon
 16327 | D:10     | Reached skill level 10 in Spellcasting
 16368 | D:10     | Reached skill level 1 in Transmutations
 16522 | D:10     | Noticed timneilson's ghost (journeyman DsGl)
 16522 | D:10     | Noticed a lich
 16561 | D:10     | Found a runed translucent door.
 16569 | D:10     | Found a runed translucent door.
 16612 | D:10     | Identified the +0 scale mail of the Snail {rF+ Str+4 Int+4
                  | Stlth+}
 16625 | D:10     | Learned a level 5 spell: Lightning Bolt
 16629 | D:10     | Learned a level 3 spell: Vhi's Electric Charge
 16635 | D:10     | Learned a level 5 spell: Arcjolt
 16892 | D:11     | You fall into a shaft and drop 2 floors!
 16895 | D:13     | Found a frozen archway.
 16951 | IceCv    | Entered an ice cave
 17407 | IceCv    | Noticed an azure jelly
 17413 | IceCv    | HP: 4/95 [azure jelly (20)]
 17435 | IceCv    | Killed an azure jelly
 17590 | IceCv    | Found a viscous altar of Jiyva.
 17607 | IceCv    | Got the ring "Qedus" {rPois rC+ MP-9 Str+9 Stlth+}
 17608 | IceCv    | Identified the +2 leather armour "Emmugir" {rElec rF++
                  | Str-4}
 17612 | IceCv    | Got the Writings on the Iceberg
 18034 | D:12     | Reached ****** piety under Qazlal
 18225 | D:12     | Found Jiacene Ustre's Antique Weapon Boutique.
 18816 | D:11     | Found a staircase to the Orcish Mines.
 18975 | D:11     | Found Hysh's Antique Armour Shoppe.
 18978 | D:11     | Bought a faintly glowing helmet for 294 gold pieces
 18978 | D:11     | Identified the +2 helmet of Ysyir {Str-4 Int+3} (You bought
                  | it in a shop on level 11 of the Dungeon)
 18978 | D:11     | Bought a steaming robe for 176 gold pieces
 18978 | D:11     | Identified the +1 robe "Etukig Bulu" {*Corrode rC+ rN+}
                  | (You bought it in a shop on level 11 of the Dungeon)
 19620 | Orc:1    | Entered Level 1 of the Orcish Mines
 19734 | Orc:2    | Entered Level 2 of the Orcish Mines
 19755 | Orc:2    | Found Umac's Weapon Boutique.
 20110 | Shoals:1 | Entered Level 1 of the Shoals
 20119 | Shoals:1 | You fall into a shaft and drop 1 floor!
 20190 | Shoals:1 | Reached skill level 5 in Transmutations
 20354 | Shoals:1 | Noticed a kraken
 20359 | Shoals:1 | Killed a kraken
 20427 | Shoals:1 | Noticed Jorgrun
 20439 | Shoals:1 | Killed Jorgrun
 21000 | Shoals:2 | Noticed Ilsuiw
 21004 | Shoals:2 | Reached XP level 16. HP: 81/101 MP: 14/33
 21009 | Shoals:2 | HP: 5/101 [merfolk javelineer/silver javelin[Ilsuiw] (17)]
 21009 | Shoals:2 | HP: 1/101 [merfolk javelineer/silver javelin[Ilsuiw] (4)]
 21125 | Spider:1 | Entered Level 1 of the Spider Nest
 21149 | Spider:1 | Reached skill level 10 in Staves
 21629 | Spider:1 | Noticed Donald
 21657 | Spider:1 | Killed Donald
 21840 | Spider:1 | Reached skill level 1 in Shields
 22153 | Spider:1 | Identified the +0 helmet "Tomiwalej" {-Cast Harm rCorr
                  | Str+6}
 23655 | Spider:2 | Reached skill level 5 in Shields
 24234 | Spider:2 | Upgraded the game from 0.30-a0-691-g754fce4c43 to
                  | 0.30-a0-696-g2367cd04db
 24929 | Orc:2    | Found Feiset's Book Boutique.
 24953 | Orc:2    | Bought a book of Spatial Translocations for 216 gold pieces
 24956 | Orc:2    | Learned a level 2 spell: Blink
 24964 | Orc:2    | Found a staircase to the Elven Halls.
 24985 | Orc:2    | Found Gomacvej's Antique Armour Emporium.
 25005 | Orc:2    | Found Cyfus's General Store.
 25015 | Orc:2    | Bought a potion of invisibility for 112 gold pieces
 25015 | Orc:2    | Bought a scroll of teleportation for 42 gold pieces
 25015 | Orc:2    | Bought a potion of heal wounds for 70 gold pieces
 25015 | Orc:2    | Bought a scroll of teleportation for 42 gold pieces
 25107 | Orc:2    | Found Doet's Antique Weapon Emporium.
 25267 | Elf:1    | Entered Level 1 of the Elven Halls
 25312 | Elf:1    | Reached XP level 17. HP: 40/109 MP: 11/34
 25868 | Elf:1    | HP: 5/110 [Executioner[a deep elf demonologist] (2)]
 25868 | Elf:1    | Slain by an Executioner

Illustrated notes

Levels and vault maps discovered:
D:1:      eino_arrival_water_cross, layout_loops_corners,
          hellmonk_ecumenical_altar_pennies_from_heaven, serial_shops,
          shop_fountains
D:2:      layout_basic, uniq_natasha
D:3:      layout_rooms, minmay_misc_feat_x
D:4:      layout_basic, uniq_eustachio
D:5:      layout_gridville, minmay_temple_entry_drinking_statues,
          minmay_crystal_water
D:6:      layout_loops_ring, elyvilon_altar_3, nicolae_grassy_gnolls
D:7:      layout_loops_cross, dreamdust_princess_bridge
D:8:      layout_cave_pools, uniq_maurice
D:9:      layout_long_grid, minmay_overflow_temple_hex, lair_entry_dummy,
          uniq_harold
D:10:     layout_roguey [special_room_bee], muffindrake_ghost_dual_entry
D:11:     layout_roguey, david_orc_1_choice, serial_shops, kennysheep_mini
D:12:     layout_roguey, serial_shops, kennysheep_mini_moat,
          serial_bayou_lagoon_b
D:13:     fort_yaktaur, layout_basic, portal_ice_cave_rime, slow_altar_1
Lair:1:   layout_loops_ring, gauntlet_entry_generic, lemuel_oklob_altar,
          uniq_gastronok
Lair:2:   layout_gridlike, minmay_shoals_entry_hut, spider_nest_entry_rubble,
          uniq_amaemon
Lair:3:   layout_chaotic_city, ice2_lemuel, grunt_megastairs_3,
          infiniplex_staircase_pool
Lair:4:   layout_cave_pods, dpeg_slime_entry_enclosed,
          infiniplex_staircase_pool_2, lemuel_fruit_tree
Lair:5:   minmay_lair_end_frog_pond, layout_long_grid,
          ebering_ghost_funeral_grove, kennysheep_abandoned_house,
          lemuel_fruit_fields, uniq_sonja
Shoals:1: layout_shoals, nicolae_shoals_siren_and_animal_friends, uniq_jorgrun
Shoals:2: layout_shoals, uniq_ilsuiw, uniq_roxanne
Spider:1: layout_chambers, uniq_donald
Spider:2: layout_cave_pods, nicolae_spider_cling_halls
Spider:3: layout_cave_pods, hellmonk_motheaten_closet
Orc:1:    layout_caves, nicolae_shop_overcharged_wands, uniq_erolcha
Orc:2:    grunt_orc_gardens, layout_diamond_mine, grunt_orc_garden,
          grunt_orc_garden, grunt_orc_garden, grunt_orc_garden, serial_shops,
          shop
Elf:1:    layout_gridlike, orc_legates, hex_intersection

Skill      XL: |  1  2  3  4  5  6  7  8  9 10 11 12 13 14 15 16 17 |
---------------+----------------------------------------------------+-----
Fighting       | 1 2 3 4 6 7 8 10 11 12 13 | 13.7
Conjurations   | 2 |  2.3
Spellcasting   | 4 5 6 7 9 11 | 11.0
Evocations     | 1 4 7 8 9 |  9.8
Air Magic      | 4 5 6 7 9 10 12 13 | 13.5
Invocations    | 1 2 3 5 |  5.4
Dodging        | 4 6 8 10 11 12 13 | 13.3
Staves         | 8 9 11 | 11.0
Summonings     | 1 |  1.1
Transmutations | 6 |  6.7
Shields        | 7 8 |  8.2
Stealth        | |  2.4

Action                   |  1- 3 |  4- 6 |  7- 9 | 10-12 | 13-15 | 16-18 || total
-------------------------+-------+-------+-------+-------+-------+-------++-------
Melee: Staff             |     2 |     3 |    24 |    41 |   156 |   172 ||   398
       Punch             |       |       |       |       |     2 |       ||     2
       Unarmed           |       |       |       |       |       |     6 ||     6
 Cast: Shock             |    94 |    89 |   157 |    79 |    91 |     8 ||   518
       Static Discharge  |     2 |     6 |     7 |    31 |    58 |     5 ||   109
       Swiftness         |       |     2 |     2 |     7 |     2 |     4 ||    17
       Airstrike         |       |       |    56 |   141 |   165 |    60 ||   422
       Summon Lightning  |       |       |       |       |    78 |    58 ||   136
       Lightning Bolt    |       |       |       |       |    46 |    35 ||    81
       Arcjolt           |       |       |       |       |    20 |    41 ||    61
       Vhi's Electric Ch |       |       |       |       |     2 |     7 ||     9
       Storm Form        |       |       |       |       |       |     2 ||     2
Invok: Elemental Force   |       |       |     2 |     5 |     3 |     5 ||    15
       Upheaval          |       |       |       |     1 |       |       ||     1
Evoke: Wand              |       |       |     1 |    10 |    12 |    15 ||    38
       Box of beasts     |       |       |       |       |     1 |       ||     1
  Use: Scroll            |       |       |    14 |     9 |    14 |     4 ||    41
       Potion            |       |       |     2 |     1 |     5 |     7 ||    15
 Stab: Paralysed         |       |       |     2 |       |       |       ||     2
       Invisible         |       |       |       |     1 |       |       ||     1
       Distracted        |       |       |       |       |     5 |     7 ||    12
Armor: Robe              |     5 |     6 |    10 |       |       |       ||    21
       Troll leather arm |       |       |       |    13 |    79 |    75 ||   167
       Skin              |       |       |       |       |       |    13 ||    13
Dodge: Dodged            |    17 |    18 |    31 |   110 |   235 |   282 ||   693
       Repelled          |       |       |     1 |     2 |    13 |     2 ||    18
Block: Other             |     1 |     3 |     4 |    34 |   104 |    39 ||   185
       Orb               |       |       |     2 |     1 |       |       ||     3
       Kite shield       |       |       |       |       |       |   277 ||   277
       Reflection        |       |       |       |       |       |    11 ||    11

Table legend: (Time is in decaauts)
 A = Elapsed time spent in this place.
 B = Non-inter-level travel time spent in this place.
 C = Inter-level travel time spent in this place.
 D = Time resting spent in this place.
 E = Time spent auto-exploring this place.
 F = Levels seen in this place.
 G = Mean time per level.
                   A        B        C        D        E       F      G
               +--------+--------+--------+--------+--------+-----+--------+
         Total |  25917 |  24209 |   1708 |   2725 |  15616 |  28 |  925.6 |
       Dungeon |  12485 |  11632 |    853 |    961 |   8918 |  13 |  960.4 |
          Lair |   6483 |   5994 |    489 |    489 |   4061 |   5 | 1296.6 |
        Shoals |    927 |    864 |     63 |     94 |    400 |   2 |  463.5 |
   Spider Nest |   3218 |   2967 |    251 |    623 |   1428 |   3 | 1072.7 |
  Orcish Mines |    919 |    869 |     50 |     98 |    524 |   2 |  459.5 |
   Elven Halls |    592 |    592 |      0 |     55 |    124 |   1 |  592.0 |
      Ice Cave |    747 |    747 |      0 |    308 |      0 |   1 |  747.0 |
      Gauntlet |    543 |    543 |      0 |     96 |    160 |   1 |  543.0 |
               +--------+--------+--------+--------+--------+-----+--------+

Top non-repeatable levels by time:
  Lair:5: 1716 daAuts
Spider:1: 1650 daAuts
Spider:2: 1552 daAuts
     D:5: 1537 daAuts
  Lair:2: 1439 daAuts
  Lair:1: 1354 daAuts
     D:1: 1344 daAuts
     D:9: 1326 daAuts
     D:2: 1291 daAuts
    D:11: 1095 daAuts
     D:4: 1053 daAuts
  Lair:3: 1046 daAuts
     D:6: 958 daAuts
  Lair:4: 925 daAuts
    D:12: 921 daAuts
